 Dungeon Crawl Stone Soup version 0.32-a0-933-ga8fa3634e4 (webtiles) character file.

Game seed: 1196281136111687306

2738 ezpacito the Trooper (level 9, -26/68 HPs)
             Began as a Coglin Chaos Knight on Apr 14, 2024.
             Was a Plaything of Xom.
             Hit by a large rock thrown by a cyclops (34 damage)
             ... on level 8 of the Dungeon.
             The game lasted 00:08:25 (6847 turns).

ezpacito the Trooper (Coglin Chaos Knight)          Turns: 6847, Time: 00:08:25

Health: -26/68     AC: 14    Str: 16    XL:     9   Next: 67%
Magic:  12/12      EV:  8    Int: 15    God:    Xom [.*....]
Gold:   477        SH:  0    Dex: 13    Spells: 1/12 levels left

rFire   . . .        a - +0 hand axe (chaos) {Nefertari}
rCold   + . .        f - +0 trident {Paramjit}
rNeg    . . .        s - +2 chain mail {rC+}
rPois   .            r - +0 helmet
rElec   .            (no cloak)
rCorr   .            F - +0 pair of gloves
SInv    .            (no boots)
Will    .....        (amulet unavailable) Stlth
                     (ring unavailable)
HPRegen 0.31/turn    (ring unavailable)
MPRegen 0.13/turn    (no gizmo)

%: no passive effects
@: attractive
A: off-hand wielding, slow wielding, warmup strikes, no jewellery, clever 1
a: Invent Gizmo, Renounce Religion


You were on level 8 of the Dungeon.
You worshipped Xom.
You were a plaything of Xom.
You visited 2 branches of the dungeon, and saw 9 of its levels.

You collected 477 gold pieces.

Inventory:

Hand Weapons
 a - a +0 hand axe of chaos (weapon) {Nefertari}
 f - a +0 trident (offhand) {Paramjit}
 M - a +0 war axe
Missiles
 b - 2 throwing nets
 j - 3 datura-tipped darts (quivered)
 q - 19 poisoned darts
 C - 6 boomerangs
Armour
 r - a +0 helmet (worn)
 s - a +2 chain mail of cold resistance (worn)
 y - a +0 hat
 F - a +0 pair of gloves (worn)
 K - a +0 pair of boots
Magical Staves
 e - a staff of fire
Talismans
 t - a beast talisman
 z - a flux talisman
Wands
 d - a wand of charming (11)
 H - a wand of flame (42)
Scrolls
 g - a scroll of silence {unknown}
 h - 4 scrolls of fog
 l - 3 scrolls of vulnerability
 m - 3 scrolls of revelation
 u - 4 scrolls of enchant armour
 v - a scroll of blinking {unknown}
 x - 2 scrolls of poison
 A - a scroll of teleportation {unknown}
 B - 2 scrolls of immolation
 E - a scroll of fear {unknown}
 I - a scroll of enchant weapon {unknown}
 J - a scroll of torment {unknown}
 L - a scroll of noise {unknown}
Potions
 k - a potion of magic
 n - 2 potions of attraction
 o - a potion of haste {unknown}
 p - a potion of lignification {unknown}
 w - a potion of invisibility {unknown}
 D - a potion of enlightenment {unknown}


   Skills:
 * Level 5.4 Fighting
 * Level 5.3(6.1) Axes
 * Level 3.9(5.1) Polearms
 * Level 4.5 Armour
 * Level 4.3 Dodging
 + Level 2.5 Stealth
 + Level 2.2 Spellcasting
 + Level 2.0 Conjurations
 + Level 1.1 Hexes
 + Level 2.2 Necromancy
 + Level 1.8 Air Magic
 + Level 2.1 Alchemy
 + Level 3.3 Evocations
 + Level 1.7 Shapeshifting


You had one spell level left.
You knew the following spells:

 Your Spells              Type           Power      Damage    Failure   Level
a - Curse of Agony        Necr           8%         N/A       100%        5
b - Tukima's Dance        Hex            5%         N/A       99%         3
x - Mephitic Cloud        Conj/Alch/Air  7%         N/A       97%         3

Your spell library contained the following spells:

 Spells                   Type           Power      Damage    Failure   Level
 Slow                     Hex            20%        N/A       83%         1
 Freeze                   Ice            4%         1d3       94%         1
 Sublimation of Blood     Necr           8%         N/A       82%         2
 Vampiric Draining        Necr           8%         2d6       96%         3
 Call Imp                 Summ           2%         N/A       98%         2
 Dazzling Flash           Conj/Hex       12%        N/A       98%         3
 Confusing Touch          Hex            5%         N/A       99%         3
 Hailstorm                Conj/Ice       4%         3d5       99%         3
 Sigil of Binding         Hex            5%         N/A       99%         3
 Frozen Ramparts          Ice            2%         1d1       100%        3
 Summon Ice Beast         Ice/Summ       1%         N/A       100%        3
 Brom's Barrelling Bould  Conj/Erth      4%         2d3       100%        4
 Passage of Golubria      Tloc           1%         N/A       100%        4
 Fireball                 Conj/Fire      2%         3d4       100%        5
 Iskenderun's Battlesphe  Conj           7%         2d6       100%        5
 Silence                  Hex/Air        3%         N/A       100%        5
 Yara's Violent Unravell  Hex/Alch       3%         3d4       100%        5
 Conjure Ball Lightning   Conj/Air       3%         3x3d6     100%        6
 Death Channel            Necr           4%         N/A       100%        6
 Permafrost Eruption      Ice/Erth       0%         2x4d1     100%        6
 Sculpt Simulacrum        Ice/Alch       2%         N/A       100%        6
 Orb of Destruction       Conj           3%         9d5       100%        7
 Summon Hydra             Summ           0%         N/A       100%        7


Dungeon Overview and Level Annotations

Branches:
Dungeon (8/15)             Temple (1/1) D:5
   Lair: D:8-11

Altars:
Cheibriados
Dithmenos
Gozag
Hepliaklqana
Kikubaaqudgha
Makhleb
Nemelex Xobeh
Okawaru
Sif Muna
Uskayaw
Vehumet
Wu Jian
Xom
Yredelemnul

Shops:
D:1 [


Innate Abilities, Weirdness & Mutations

You can wield a second weapon in your off-hand.
It takes a long time for you to wield or remove held weapons.
Your first few attacks do less damage.
You cannot equip rings or amulets.
Your mind is acute. (Int +4, Str/Dex -1)


Message History

What are your orders? t - Shout!
Orders for allies: a - Attack new target. r - Retreat! s - Stop attacking. g - Guard the area. f - Follow me.
Anything else - Cancel.
Gang up on whom?
Press: ? - help, Dir - move target, f - cyclops
Aim: a cyclops, quivering large rocks (translocational energy, heavily wounded, poisoned, ally target) Attack!
You swap places.
The cyclops closely misses you.
The cyclops barely misses your butterfly.
You swap places.
You swap places.
The cyclops hits your butterfly!
Your butterfly dies!
Your butterfly disappears in a burst of colours!
The cyclops is attracted toward you.
You swap places.
The cyclops closely misses your butterfly.
The cyclops is attracted toward you.
There is an open door here.
You swap places.
The cyclops hits your butterfly!!
Your butterfly dies!
Your butterfly disappears in a burst of colours!
The cyclops is attracted toward you.
You completely miss the cyclops with your +0 trident.
The cyclops is heavily wounded.
You hit the cyclops with your +0 hand axe of chaos.
The cyclops looks more healthy.
The cyclops hits you.
* * * LOW HITPOINT WARNING * * *
You take 5 damage, and have 7/68 hp.
Okay, then.
You swap places.
The cyclops throws a large rock.
The large rock hits you but does no damage.
The cyclops is attracted toward you.
You swap places.
The cyclops throws a large rock.
The large rock hits you!!
Ouch! That really hurt!
You die...
Xom bursts into laughter!

...#......).........####
.. #......))............
#....................
##....................
#.......#'########....
#...bb..#..# #####
#.......#..#
#....b.b'..#
#....@..####
####....b.#######
#..bbCb#.# .§#
#....b§'b###§#
#......#bb...#
########'#.### #bb..#
#....# ######


You could see a cyclops (ally target).

Vanquished Creatures
  Prince Ribbit (D:6)
  A yak (D:8)
  Edmund (D:6)
  An acid dragon (D:8)
  2 black bears
  2 ice beasts
  A phantom (D:4)
  A kobold brigand (D:8)
  2 bullfrogs
  A gnoll sergeant (D:8)
  3 scorpions
  A hound (D:5)
  4 orc priests
  A jelly (D:4)
  2 bombardier beetles
  A gnoll bouda (D:5)
  3 sleepcaps
  Terence (D:2)
  3 iguanas
  5 orc wizards
  9 gnolls
  7 adders
  3 white imps
  6 ufetubi (D:6)
  2 dart slugs
  A ribbon worm (D:5)
  18 orcs
  4 endoplasms
  2 giant cockroaches
  11 goblins
  8 hobgoblins
  4 jackals
  11 kobolds
  2 quokkas
  7 ball pythons
  2 bats (D:3)
  6 frilled lizards
  5 rats
145 creatures vanquished.

Vanquished Creatures (collateral kills)
  3 yaks (D:8)
3 creatures vanquished.

Grand Total: 148 creatures vanquished

Notes
Turn   | Place    | Note
-------+----------+-------------------------------------------
     0 | D:1      | ezpacito the Coglin Chaos Knight began the quest for the
                  | Orb.
     0 | D:1      | Reached XP level 1. HP: 18/18 MP: 1/1
    67 | D:1      | Reached skill level 1 in Dodging
   145 | D:1      | Found Uruing's Armour Emporium.
   180 | D:1      | Reached XP level 2. HP: 24/24 MP: 2/2
   707 | D:2      | XOM: stealth player
   814 | D:2      | XOM: divination: magic mapping
   913 | D:2      | Noticed Terence
   916 | D:2      | XOM: silly message
   925 | D:2      | Killed Terence
   926 | D:2      | Reached skill level 1 in Polearms
   926 | D:2      | Reached XP level 3. HP: 25/29 MP: 3/3
   998 | D:2      | XOM: silly message
  1173 | D:2      | XOM: divination: detect items
  1197 | D:2      | Reached XP level 4. HP: 35/35 MP: 4/4
  1485 | D:3      | XOM: noise
  1926 | D:3      | Reached skill level 1 in Stealth
  1926 | D:3      | Reached skill level 1 in Evocations
  1926 | D:3      | Reached XP level 5. HP: 41/41 MP: 6/6
  2075 | D:3      | Found a faded altar of an unknown god.
  2284 | D:3      | XOM: 2-stop teleportation journey
  2364 | D:4      | XOM: divination: detect creatures
  2366 | D:4      | Reached skill level 1 in Spellcasting
  2530 | D:4      | Noticed a phantom
  2536 | D:4      | Killed a phantom
  2537 | D:4      | Reached XP level 6. HP: 48/48 MP: 7/7
  2743 | D:4      | XOM: divination: detect items
  3326 | D:5      | Entered Level 5 of the Dungeon
  3334 | D:5      | Found a staircase to the Ecumenical Temple.
  3344 | D:5      | Reached XP level 7. HP: 54/54 MP: 8/8
  3352 | Temple   | Entered the Ecumenical Temple
  3381 | D:5      | Learned a level 3 spell: Mephitic Cloud
  3387 | D:5      | Learned a level 5 spell: Curse of Agony
  3411 | D:5      | XOM: fake destruction
  3419 | D:5      | XOM: noise
  4001 | D:6      | Reached XP level 8. HP: 54/61 MP: 10/10
  4027 | D:6      | Noticed Edmund
  4036 | D:6      | Reached skill level 1 in Necromancy
  4037 | D:6      | XOM: scenery: 1 doors open
  4041 | D:6      | XOM: enchant monster (good)
  4083 | D:6      | Killed Edmund
  4084 | D:6      | Reached skill level 1 in Alchemy
  4084 | D:6      | Reached skill level 1 in Shapeshifting
  4356 | D:6      | XOM: confusion
  4456 | D:6      | Reached skill level 1 in Conjurations
  4556 | D:6      | Noticed Prince Ribbit
  4557 | D:6      | XOM: summons 5 hostile demons
  4569 | D:6      | Killed Prince Ribbit
  4570 | D:6      | Reached skill level 1 in Air Magic
  4722 | D:6      | Identified the +0 leather armour "Saaneda" {Str+3 SInv}
  5204 | D:7      | Found a shimmering altar of Xom.
  5314 | D:7      | Reached skill level 5 in Fighting
  5320 | D:7      | Reached XP level 9. HP: 59/68 MP: 11/11
  5336 | D:7      | XOM: 8-stop teleportation journey
  5403 | D:7      | XOM: 2-stop teleportation journey
  5464 | D:7      | XOM: scenery: 2 doors open, 1 doors close
  6303 | D:7      | Learned a level 3 spell: Tukima's Dance
  6362 | D:8      | XOM: scenery: 2 doors open
  6363 | D:8      | Reached skill level 5 in Axes
  6464 | D:8      | XOM: give mutation
  6464 | D:8      | Gained mutation: Your mind is acute. (Int +4, Str/Dex -1)
                  | [Xom's mischief]
  6618 | D:8      | XOM: silly message
  6627 | D:8      | XOM: cast spell 'Discord'
  6635 | D:8      | Reached skill level 1 in Hexes
  6636 | D:8      | XOM: polymorph yak -> acid dragon
  6758 | D:8      | XOM: silly message
  6773 | D:8      | XOM: 3-stop teleportation journey
  6827 | D:8      | Noticed a cyclops
  6847 | D:8      | Hit by a large rock thrown by a cyclops

Illustrated notes

Levels and vault maps discovered:
D:1:      heliophobic_arrival_glass_houses, layout_basic, serial_shops,
          nicolae_shop_crystal, nrook_loot_triangle
D:2:      layout_loops_cross, kennysheep_minor_cross, dreamdust_wishing_well,
          cheibrodos_gnoll_hut, uniq_terence
D:3:      kennysheep_six_static_rooms, layout_basic,
          ebering_ecumenical_altar_box
D:4:      layout_loops_corners
D:5:      layout_basic, minmay_temple_entry_statues
D:6:      layout_basic, chequers_serial_rivers_room_a, st_stairs_12,
          dreamdust_princess_bridge, kennysheep_generic_room_9, uniq_edmund,
          uniq_prince_ribbit1
D:7:      corexii_shack_village, layout_basic, regret_index_xom_buried_treasure,
          grunt_decor_fettered, chequers_hall_statues_corner_a,
          hangedman_decor_clover_reticule
D:8:      layout_gridville, minmay_microvault
Temple:   dshaligram_water_room_temple

Skill      XL: |  1  2  3  4  5  6  7  8  9 |
---------------+----------------------------+-----
Dodging        | 1 2 3 4 |  4.3
Polearms       | 1 2 3 |  3.9
Armour         | 2 3 4 |  4.5
Stealth        | 1 2 |  2.5
Evocations     | 1 2 3 |  3.3
Spellcasting   | 1 2 |  2.2
Fighting       | 4 5 |  5.4
Axes           | 4 5 |  5.3
Necromancy     | 1 2 |  2.2
Alchemy        | 1 2 |  2.1
Shapeshifting  | 1 |  1.7
Conjurations   | 1 2 |  2.0
Air Magic      | 1 |  1.8
Hexes          | 1 |  1.1

Action                     |  1- 3 |  4- 6 |  7- 9 || total
---------------------------+-------+-------+-------++-------
  Melee: Hand axe          |    44 |    99 |   203 ||   346
         Dagger            |    11 |       |       ||    11
         Trident           |    34 |   126 |   229 ||   389
  Evoke: Wand              |       |       |     1 ||     1
    Use: Scroll            |       |     6 |     7 ||    13
         Potion            |       |     1 |     4 ||     5
   Stab: Distracted        |     1 |       |       ||     1
         Sleeping          |     1 |       |       ||     1
         Confused          |       |       |     2 ||     2
         Paralysed         |       |       |     2 ||     2
 Armour: Leather armour    |    13 |       |       ||    13
         Chain mail        |     7 |    70 |   291 ||   368
  Dodge: Dodged            |    16 |    27 |   154 ||   197

Table legend: (Time is in decaauts)
 A = Elapsed time spent in this place.
 B = Non-inter-level travel time spent in this place.
 C = Inter-level travel time spent in this place.
 D = Time resting spent in this place.
 E = Time spent auto-exploring this place.
 F = Levels seen in this place.
 G = Mean time per level.
                   A        B        C        D        E       F      G
               +--------+--------+--------+--------+--------+-----+--------+
         Total |   6889 |   6381 |    508 |      0 |   5411 |   9 |  765.4 |
       Dungeon |   6885 |   6380 |    505 |      0 |   5411 |   8 |  860.6 |
        Temple |      4 |      2 |      2 |      0 |      0 |   1 |    4.0 |
               +--------+--------+--------+--------+--------+-----+--------+

Top non-repeatable levels by time:
     D:6: 1211 daAuts
     D:7: 1185 daAuts
     D:4: 995 daAuts
     D:3: 862 daAuts
     D:2: 785 daAuts
     D:1: 708 daAuts
     D:5: 644 daAuts
     D:8: 493 daAuts
  Temple: 4 daAuts
